 Dungeon Crawl Stone Soup version 0.31.0-11-ge490571c62 (webtiles) character file.

Game seed: 16226058437848235219

428514 hikkokomori the Slayer (level 22, -13/213 HPs)
             Began as a Minotaur Berserker on Feb 5, 2024.
             Was the Champion of Trog.
             Incinerated by a balrug (28 damage)
             ... with a pyre arrow
             ... on level 3 of the Depths.
             The game lasted 02:26:14 (49309 turns).

hikkokomori the Slayer (Minotaur Berserker)        Turns: 49309, Time: 02:26:15

Health: -13/213    AC: 29    Str: 30    XL:     22   Next: 79%
Magic:  21/21      EV: 18    Int:  1    God:    Trog [******]
Gold:   3117       SH: 23    Dex: 15    Spells: 21/21 levels left

rFire   x . .        P - +9 broad axe (flame)
rCold   + . .        g - +2 tower shield {reflect}
rNeg    + + .        V - +9 scale mail of the Accordion {rPois Regen+ Dex-3 Slay+2}
rPois   +            S - +2 hat
rElec   +            c - +1 cloak
rCorr   .            Q - +1 pair of gloves {hurl}
SInv    +            z - +0 pair of boots "Qiateyss" {Will+ Dex+2}
Will    +++..        k - amulet "Ydeapa" {+Blink rN+ Regen+} Stlth
                     N - ring of Nuypast {rN+ Will+ Int-3 Slay+2 SInv}
HPRegen 2.15/turn    L - ring of the Castellan {Ice rElec Str+3 SInv}
MPRegen 0.17/turn

%: reflection
@: on fire, about to teleport, on blink cooldown, glowing, studying 3 skills
A: horns 2, retaliatory headbutt
}: 2/15 runes: decaying, serpentine
a: Renounce Religion, Evoke Blink, Berserk, Trog's Hand, Brothers in Arms


You were on level 3 of the Depths.
You worshipped Trog.
Trog was exalted by your worship.
You visited 8 branches of the dungeon, and saw 40 of its levels.
You visited 1 bazaar.
You also visited: Bailey, Gauntlet, Volcano and Wizlab.

You collected 5789 gold pieces.
You spent 2672 gold pieces at shops.

Inventory:

Hand Weapons
 H - a +5 antimagic broad axe
 P - a +9 broad axe of flaming (weapon)
 R - a +4 heavy morningstar
 Z - the +7 lajatang of Order {silver, rMut}
   (Trog gifted it to you on level 1 of the Orcish Mines)

   rMut:      It protects you from mutation.
Missiles
 p - 9 curare-tipped darts
 u - a throwing net
 E - 6 javelins (quivered)
 I - 15 silver javelins
 O - 36 boomerangs
Armour
 c - a +1 cloak (worn)
 g - a +2 tower shield of reflection (worn)
 z - the +0 pair of boots "Qiateyss" (worn) {Will+ Dex+2}
   (You found it on level 14 of the Dungeon)

   Dex+2:     It affects your dexterity (+2).
   Will+:     It increases your willpower.
 F - a +1 plate armour of fire resistance
 Q - a +1 pair of gloves of hurling (worn)
 S - a +2 hat (worn)
 V - the +9 scale mail of the Accordion (worn) {rPois Regen+ Dex-3 Slay+2}
   (You found it on level 2 of the Swamp)

   Dex-3:     It affects your dexterity (-3).
   Slay+2:    It affects your accuracy & damage with ranged weapons and melee
   (+2).
   rPois:     It protects you from poison Regen+: It increases your rate of
   health regeneration.
 Y - a +4 chain mail of poison resistance
Jewellery
 a - the ring of Hot Pif {rPois rC+ Dex+6}
   (You bought it in a shop on level 2 of the Snake Pit)

   [ring of dexterity]

   Dex+6:     It affects your dexterity (+6).
   rC+:       It protects you from cold.
   rPois:     It protects you from poison
 k - the amulet "Ydeapa" (around neck) {+Blink rN+ Regen+}
   (You found it on level 2 of the Swamp)

   [amulet of regeneration]

   rN+:       It protects you from negative energy.
   +Blink:    It lets you blink.
   Regen+:    It increases your rate of health regeneration.
 G - the ring "Pebuv" {Fly Will+}
   (You took it off an orc warrior in a bailey)

   [ring of flight]

   Will+:     It increases your willpower.
   Fly:       It grants you flight.
 J - the ring "Jexeghy" {Fire *Corrode +Blink Str+2 SInv}
   (You found it in a wizard's laboratory)

   [ring of fire]

   Fire:      It enhances your fire magic.
   Str+2:     It affects your strength (+2).
   rF+:       It protects you from fire.
   rC-:       It makes you vulnerable to cold.
   SInv:      It lets you see invisible.
   +Blink:    It lets you blink.
   *Corrode:  It may corrode you when you take damage.
 L - the ring of the Castellan (right hand) {Ice rElec Str+3 SInv}
   (You found it in a wizard's laboratory)

   [ring of ice]

   Ice:       It enhances your ice magic.
   Str+3:     It affects your strength (+3).
   rF-:       It makes you vulnerable to fire.
   rC+:       It protects you from cold.
   rElec:     It insulates you from electricity.
   SInv:      It lets you see invisible.
 N - the ring of Nuypast (left hand) {rN+ Will+ Int-3 Slay+2 SInv}
   (You acquired it in a Gauntlet)

   [ring of see invisible]

   Int-3:     It affects your intelligence (-3).
   Slay+2:    It affects your accuracy & damage with ranged weapons and melee
   (+2).
   rN+:       It protects you from negative energy.
   Will+:     It increases your willpower.
   SInv:      It lets you see invisible.
Talismans
 X - a storm talisman
Wands
 b - a wand of mindburst (67)
 v - a wand of light (11)
 x - a wand of roots (17)
 B - a wand of charming (21)
 W - a wand of digging (14)
Scrolls
 d - 9 scrolls of teleportation
 n - 4 scrolls of blinking
 q - 8 scrolls of fear
 r - 4 scrolls of silence
 w - a scroll of revelation
 y - 6 scrolls of poison
 A - 13 scrolls of enchant armour
 K - 7 scrolls of fog
 M - 4 scrolls of butterflies
Potions
 e - 6 potions of invisibility
 f - a potion of resistance
 h - 4 potions of magic
 i - 5 potions of enlightenment
 j - 5 potions of berserk rage
 l - 9 potions of might
 m - 11 potions of curing
 o - 9 potions of mutation
 t - 4 potions of cancellation
 C - 11 potions of heal wounds
 D - 4 potions of attraction
 T - 8 potions of haste
 U - 6 potions of ambrosia
Miscellaneous
 s - a lightning rod (4/4)


   Skills:
 + Level 21.3 Fighting
 + Level 19.9(21.2) Axes
 - Level 12.9(17.9) Maces & Flails
 - Level 16.0 Throwing
 + Level 18.8 Armour
 - Level 16.2 Dodging
 - Level 20.0 Shields
 + Level 14.4 Evocations


You had 21 spell levels left.
You didn't know any spells.
Your spell library was empty.

Dungeon Overview and Level Annotations

Branches:
Dungeon (15/15)            Temple (0/1) D:5            Lair (5/5) D:8
  Swamp (4/4) Lair:2        Snake (4/4) Lair:2        Slime (0/5) Lair:4
    Orc (2/2) D:10            Elf (3/3) Orc:2        Vaults (4/5) D:14
  Crypt (0/3) Vaults:3     Depths (3/4) D:15         Bailey (visited)
Volcano (visited)          WizLab (visited)         Gauntlet (visited)

Altars:
Elyvilon
Gozag
Hepliaklqana
Makhleb
Okawaru
Qazlal
Ru
Sif Muna
Trog
Vehumet
The Shining One

Shops:
D:1 [[(   D:2 ?   D:6 :   D:7 **   Orc:1 *   Orc:2 ([**   Elf:2 ?   Elf:3 :
Snake:2 =   Snake:3 (   Snake:4 :   Vaults:1 [*   Vaults:3 =   Depths:1 (
Depths:2 :=:

Portals:
Hell: Depths:1 Depths:2 Depths:3
Abyss: Depths:1
Pandemonium: Depths:2 Depths:3
Trove: Vaults:1 (give +2 gold dragon scales)

Annotations:
Lair:3 exclusion: oklob plant


Innate Abilities, Weirdness & Mutations

You have a pair of horns on your head.
You reflexively headbutt those who attack you in melee.


Message History

The bone dragon is moderately damaged.
You slice the balrug!!
You kill the balrug!
Trog accepts your kill. The liquid fire burns you!
You block the bone dragon's attack. x3
Unknown command.
You hit the bone dragon. You burn the bone dragon.
The bone dragon is moderately damaged.
The liquid fire burns you!
Unknown command.
You hit the bone dragon but do no damage.
The bone dragon is moderately damaged.
The liquid fire burns you!
The bone dragon bites you but does no damage.
The bone dragon barely misses you. x2
You barely miss the bone dragon.
The bone dragon is moderately damaged.
The liquid fire burns you! You block the bone dragon's attack.
The bone dragon misses you.
The bone dragon tramples you but does no damage.
You slash the bone dragon! You headbutt the bone dragon.
The bone dragon is moderately damaged.
The liquid fire burns you!
* * * LOW HITPOINT WARNING * * *
You block the bone dragon's attack. x2; The bone dragon tramples you.
* * * LOW HITPOINT WARNING * * *
You hold your ground!
You hit the bone dragon but do no damage.
You headbutt the bone dragon, but do no damage.
The bone dragon is moderately damaged.
The liquid fire burns you!
* * * LOW HITPOINT WARNING * * *
You blink.
Found a long sword.
The liquid fire burns you!
* * * LOW HITPOINT WARNING * * *
As you read the scroll of teleportation, it crumbles to dust.
You feel strangely unstable. The liquid fire burns you!
You die...

###.##......÷.)......* ***** *
.......####'####....#***,,,* *
###...##.......#*,..#**,,,,* *
#..####.....####,.#*∩,,,,* * #
#..#.###...###.#,.#**,,,,* *
###..#..###)###..#..##**,,,* *
'....#...#§..#...#...# ***,* *
###..'...'.D.'...'...#****,******
# ##.#...#...#..@#,,,**,,,,,,,,,,
# #.#..###'###).#...+,,*********
# #.#.##*,..###.#...#*** #
#.###*,,...####..)# #
#..**,,,....#*,,..# #
##.,****+####,,,..# #
*#,,,,,,,..,,,,,.# #
******,,,,,,,**## *********


You could see a bone dragon.

Vanquished Creatures
  Saint Roka (Orc:2)
  Vashnia (Snake:4)
  Jory (Vaults:2)
  The ghost of Lianjan the Gnoll Aeon, an adept GnWr of Cheibriados (Vaults:2)
  An electric golem (WizLab)
  A tentacled monstrosity (Depths:1)
  Zenata (Vaults:2)
  Mlioglotl (Snake:4)
  2 liches
  Jorgrun (Orc:2)
  Rupert (Lair:5)
  A deep elf blademaster (Elf:3)
  A deep elf master archer (Elf:3)
  Frances (Snake:2)
  Gastronok (Orc:1)
  7 sphinxes
  2 tengu reavers
  2 storm dragons (Depths:1)
  Aizul (Snake:2)
  A fenstrider witch (Swamp:1)
  Kirke (D:15)
  15 nagarajas
  8 fire giants
  3 iron dragons
  12 vault wardens
  4 deep elf sorcerers (Elf:3)
  8 frost giants
  Louise (D:14)
  A balrug (Depths:3)
  5 deep elf elementalists (Elf:3)
  A reaper (Depths:3)
  3 orc warlords
  2 formless jellyfish
  13 very ugly things
  10 ironbound preservers
  6 stone giants
  9 ironbound thunderhulks
  The ghost of Vufrucs the Grappler, a journeyman DrSh of Wu Jian (Lair:4)
  2 vampire knights
  3 deep elf demonologists (Elf:3)
  A minotaur (Gauntlet)
  7 deep elf death magi (Elf:3)
  5 deep elf annihilators (Elf:3)
  The ghost of mandarbmax the Unseen, a journeyman KoFi of Wu Jian (D:14)
  4 eleionomae
  5 spark wasps
  A red draconian (Volcano)
  6 war gargoyles
  4 crystal guardians
  A blizzard demon (Depths:2)
  2 bunyips
  12 dire elephants
  5 ettins
  A jiangshi (Vaults:3)
  A shambling mangrove (Swamp:4)
  6 fire dragons
  2 rakshasas (Depths:1)
  7 deep elf high priests (Elf:3)
  3 yaktaur captains
  4 great orbs of eyes
  A hell beast (Depths:3)
  3 salamander tyrants
  12 vault guards
  28 hydras
  5 ice dragons
  2 ogre magi
  2 alligators (Swamp:4)
  9 peacekeepers
  7 ironbound frosthearts
  14 centaur warriors
  The ghost of Edyrem the Severer, a novice MiBe of Trog (Lair:1)
  3 two-headed ogres
  A sphinx zombie (D:15)
  12 anacondas
  4 spriggan air magi
  A ghost crab (Swamp:4)
  40 dancing weapons
  10 death yaks
  20 naga warriors
  A deep troll earth mage (Depths:1)
  6 boulder beetles
  3 deep troll shamans
  8 shock serpents
  2 orc high priests
  4 tengu warriors
  2 vampire magi
  6 spriggan berserkers
  A soul eater (Depths:3)
  21 deep elf knights
  18 naga sharpshooters
  A storm dragon zombie (D:15)
  A hell knight (D:11)
  Sonja (Orc:1)
  An iron troll (Depths:1)
  9 skeletal warriors
  A shadow wraith (Vaults:3)
  3 salamander mystics
  2 sixfirhies
  3 death drakes
  8 mana vipers
  3 spriggan druids
  5 goliath frogs
  5 swamp dragons (Swamp:4)
  9 arcanists
  9 naga ritualists
  5 bog bodies
  32 deep trolls
  3 glowing orange brains
  A spectral anaconda (Lair:5)
  13 deep elf archers
  An obsidian statue (Lair:5)
  A flayed ghost (Depths:2)
  14 lindwurms
  9 orc knights
  3 phantasmal warriors
  12 ironbound convokers
  17 deep elf zephyrmancers
  5 necromancers
  2 lightning spires (WizLab)
  4 harpies (Elf:3)
  24 deep elf pyromancers
  2 wolf spiders (Lair:3)
  6 orc sorcerers
  38 ugly things
  21 salamanders
  3 will-o-the-wisps
  8 cyclopes
  30 elephants
  9 manticores
  A salamander (shapeshifter) (D:11)
  3 centaur zombies (D:15)
  6 guardian serpents
  3 meliai (D:14)
  6 kobold blastminers (Orc:2)
  4 molten gargoyles (WizLab)
  9 naga magi
  43 black mambas
  9 gargoyles
  A dire elephant zombie (Lair:5)
  14 vault sentinels
  2 torpor snails
  A smoke demon (Depths:2)
  A dire elephant skeleton (Lair:5)
  A hellion (Depths:2)
  13 cane toads
  27 yaktaurs
  2 rime drakes (Lair:4)
  4 tengu conjurers
  2 efreet
  3 freezing wraiths
  6 komodo dragons
  A guardian mummy (Vaults:1)
  2 burning bushes (Lair:2)
  8 trolls
  Psyche (D:8)
  A harpy zombie (D:15)
  8 tyrant leeches
  A queen bee (shapeshifter) (D:11)
  12 hornets
  Grinder (D:4)
  2 glass eyes
  6 blink frogs
  2 human simulacra (Vaults:2)
  4 dream sheep (Lair:3)
  A slime creature (shapeshifter) (Vaults:4)
  5 air elementals
  34 slime creatures
  An ettin skeleton (Vaults:2)
  A shadow (D:10)
  2 wraiths
  A vampire (D:15)
  5 water elementals (Depths:1)
  A culicivora (shapeshifter) (D:14)
  A ynoxinul (Gauntlet)
  A fire elemental (WizLab)
  53 yaks
  9 spriggans
  3 wyverns
  7 wargs
  4 vampire mosquitoes (D:14)
  3 fire bats (Orc:1)
  3 basilisks
  A human (shapeshifter) (D:15)
  An elf skeleton (Vaults:2)
  A basilisk (shapeshifter) (Elf:3)
  A swamp worm (shapeshifter) (Depths:2)
  An acid dragon (D:11)
  An entropy weaver zombie (Vaults:2)
  6 hell hounds (Elf:3)
  A spectral cane toad (Lair:5)
  14 swamp worms
  37 nagas
  15 water moccasins
  8 swamp drakes
  44 orc warriors
  5 laughing skulls
  An ogre (shapeshifter) (D:13)
  8 ogres
  33 wolves
  2 black bears
  5 boggarts (Vaults:3)
  29 centaurs
  A kobold brigand (D:8)
  16 bullfrogs
  3 earth elementals
  2 gnoll sergeants (D:11)
  2 scorpions
  13 wights
  The ghost of Drazool the Ruffian, a weakling NaSh (D:3)
  3 elephant simulacra (Lair:5)
  8 howler monkeys
  3 electric eels (D:8)
  9 hounds
  13 jellies
  15 orc priests
  2 iron imps (Gauntlet)
  4 iguanas
  21 orc wizards
  Robin (D:3)
  6 gnolls
  8 adders
  A shadow imp (D:7)
  3 white imps
  2 dart slugs
  A ribbon worm (D:3)
  112 orcs
  16 endoplasms
  9 giant cockroaches
  18 goblins
  11 hobgoblins
  5 quokkas
  3 training dummies (Depths:1)
  4 ball pythons
  6 bats
  3 frilled lizards
  13 kobolds
  7 rats
  A butterfly (Lair:1)
1691 creatures vanquished.

Vanquished Creatures (collateral kills)
  An ironbound thunderhulk (Vaults:3)
  4 naga warriors (Snake:1)
  2 yaktaurs (Volcano)
  A naga (Snake:1)
  A centaur (Volcano)
9 creatures vanquished.

Vanquished Creatures (others)
  A nagaraja (Snake:4)
  A very ugly thing (Depths:2)
  A war gargoyle (Vaults:3)
  A dancing weapon (Elf:2)
  A necromancer (Lair:5)
  A guardian serpent (Snake:4)
  A bloated husk (Swamp:3)
  A naga (Snake:2)
  A swamp drake (Swamp:4)
  An orc (Bailey)
  A quokka (D:15)
  13 foxfires
24 creatures vanquished.

Grand Total: 1724 creatures vanquished

Notes
Turn   | Place    | Note
-------+----------+-------------------------------------------
     0 | D:1      | hikkokomori the Minotaur Berserker began the quest for the
                  | Orb.
     0 | D:1      | Reached XP level 1. HP: 19/19 MP: 0/0
   249 | D:1      | Reached XP level 2. HP: 21/26 MP: 1/1
   275 | D:1      | Found Tupsaell's Antique Armour Emporium.
   418 | D:1      | Found Faetol's Weapon Emporium.
   524 | D:1      | Found Duraow's Armour Emporium.
   668 | D:1      | Reached skill level 5 in Axes
   706 | D:1      | Found a faded altar of an unknown god.
  1014 | D:2      | Reached XP level 3. HP: 31/31 MP: 2/2
  1050 | D:2      | Reached ** piety under Trog
  1081 | D:2      | Found Namuf's Magic Scroll Shop.
  1796 | D:3      | Found an iron altar of Okawaru.
  1811 | D:3      | Found a large runed translucent door.
  1813 | D:3      | Found a large runed translucent door.
  1815 | D:3      | Noticed Drazool's ghost (weakling NaSh)
  1826 | D:3      | Killed Drazool's ghost
  1827 | D:3      | Reached XP level 4. HP: 28/39 MP: 3/3
  2002 | D:3      | Noticed Robin
  2042 | D:3      | Killed Robin
  2111 | D:3      | Reached XP level 5. HP: 41/45 MP: 4/4
  2190 | D:3      | Identified the +7 dagger "Ahalluj" {flame, *Corrode rElec
                  | MP+9 Dex+5}
  2678 | D:4      | Reached *** piety under Trog
  2730 | D:4      | Reached skill level 4 in Fighting
  2730 | D:4      | Reached skill level 1 in Throwing
  2936 | D:4      | Found a burning altar of Makhleb.
  2936 | D:4      | Found an opulent altar of Gozag.
  2939 | D:4      | Found a sacrificial altar of Ru.
  2946 | D:4      | Found a glowing golden altar of the Shining One.
  2970 | D:4      | Found a hazy altar of Hepliaklqana.
  2998 | D:4      | Reached XP level 6. HP: 53/53 MP: 5/5
  3101 | D:4      | Noticed Grinder
  3119 | D:4      | Killed Grinder
  3120 | D:4      | Reached skill level 5 in Fighting
  3466 | D:5      | Entered Level 5 of the Dungeon
  3498 | D:5      | Found a staircase to the Ecumenical Temple.
  3665 | D:5      | You fall into a shaft and drop 3 floors!
  3683 | D:8      | Reached XP level 7. HP: 62/62 MP: 6/6
  3685 | D:8      | Reached skill level 6 in Fighting
  3739 | D:8      | Noticed a troll
  3748 | D:8      | Killed a troll
  3749 | D:8      | Reached skill level 7 in Fighting
  3749 | D:8      | Reached skill level 5 in Throwing
  3754 | D:8      | Reached XP level 8. HP: 67/73 MP: 7/7
  3793 | D:7      | Reached skill level 8 in Fighting
  3830 | D:7      | Reached **** piety under Trog
  3916 | D:7      | Found Xumacuc's Specific Store.
  3919 | D:7      | Found Ban Nyn's General Store.
  3932 | D:7      | Bought a scroll of blinking for 97 gold pieces
  3932 | D:7      | Bought 2 scrolls of identify for 52 gold pieces
  3932 | D:7      | Bought a scroll of fear for 52 gold pieces
  3932 | D:7      | Bought a potion of curing for 39 gold pieces
  3993 | D:7      | Found a flagged portal.
  4009 | Bailey   | Entered a bailey
  4204 | Bailey   | Reached skill level 9 in Fighting
  4559 | Bailey   | Reached XP level 9. HP: 72/85 MP: 8/8
  4965 | Bailey   | Reached skill level 10 in Fighting
  5246 | Bailey   | Identified the ring "Pebuv" {Fly Will+}
  5821 | D:7      | Found a bloodstained altar of Trog.
  5846 | D:7      | Reached skill level 5 in Armour
  5975 | D:6      | Reached skill level 11 in Fighting
  6235 | D:6      | Reached XP level 10. HP: 76/96 MP: 9/9
  6418 | D:6      | Found Kupizyow's Book Emporium.
  6569 | D:6      | Reached ***** piety under Trog
  7536 | D:7      | Reached skill level 1 in Evocations
  7626 | D:7      | Reached skill level 1 in Shields
  8581 | D:8      | Noticed an arcanist
  8582 | D:8      | Noticed an orc sorcerer
  8587 | D:8      | Killed an orc sorcerer
  8588 | D:8      | Reached skill level 10 in Axes
  8591 | D:8      | Killed an arcanist
  8597 | D:8      | Identified the +1 robe "Wuomiho" {Will+ Int+3}
  8735 | D:1      | Bought a +0 pair of gloves for 54 gold pieces
  8858 | D:8      | Found a staircase to the Lair.
  8992 | D:8      | Noticed Psyche
  9011 | D:8      | Killed Psyche
  9012 | D:8      | Reached skill level 5 in Shields
  9602 | D:9      | Noticed a two-headed ogre
  9610 | D:9      | Killed a two-headed ogre
 10107 | D:10     | Entered Level 10 of the Dungeon
 10126 | D:10     | Reached XP level 11. HP: 97/104 MP: 10/10
 10136 | D:10     | Reached skill level 12 in Fighting
 10313 | D:10     | Reached skill level 5 in Evocations
 10854 | D:10     | Found a staircase to the Orcish Mines.
 11165 | D:1      | Bought a +4 chain mail of poison resistance for 342 gold
                  | pieces
 11266 | Lair:1   | Entered Level 1 of the Lair of Beasts
 11586 | Lair:1   | Found a large runed translucent door.
 11586 | Lair:1   | Found a large runed translucent door.
 11730 | Lair:1   | Noticed Edyrem's ghost (novice MiBe)
 12148 | Lair:1   | Killed Edyrem's ghost
 12192 | Lair:2   | Noticed a boulder beetle
 12216 | Lair:2   | Killed a boulder beetle
 12217 | Lair:2   | Reached skill level 5 in Dodging
 12517 | Lair:2   | Reached XP level 12. HP: 112/112 MP: 11/11
 12541 | Lair:2   | Found a staircase to the Snake Pit.
 12552 | Lair:2   | Received a gift from Trog
 12701 | Lair:2   | Identified the +2 rapier "Qeny" {heavy, Will+ MP+9}
 12714 | Lair:2   | Identified the +3 robe of Eternal Night {rF+ rC+}
 12718 | Lair:2   | Noticed a death yak
 12718 | Lair:2   | Noticed a death yak
 12726 | Lair:2   | Killed a death yak
 12740 | Lair:2   | Killed a death yak
 13033 | Lair:2   | Found a staircase to the Swamp.
 13484 | Lair:3   | Noticed a four-headed hydra
 13489 | Lair:3   | Killed a five-headed hydra
 13612 | Lair:3   | Reached skill level 10 in Armour
 14739 | Lair:4   | Found a staircase to the Slime Pits.
 14943 | Lair:4   | Reached skill level 10 in Shields
 15026 | Lair:4   | Reached XP level 13. HP: 118/118 MP: 12/12
 15074 | Lair:4   | Noticed Vufrucs's ghost (journeyman DrSh)
 15075 | Lair:4   | Found a runed translucent gate.
 15076 | Lair:4   | Found a runed translucent gate.
 15093 | Lair:4   | Received a gift from Trog
 15295 | Lair:4   | Found a runed translucent gate.
 15784 | Lair:4   | Killed Vufrucs's ghost
 15832 | Lair:5   | Entered Level 5 of the Lair of Beasts
 15867 | Lair:5   | Found a gate leading to a gauntlet.
 15978 | Gauntlet | Entered a Gauntlet
 15978 | Gauntlet | Found a transporter.
 15978 | Gauntlet | Found a transporter.
 15978 | Gauntlet | Found a transporter.
 16080 | Gauntlet | Found a transporter.
 16083 | Gauntlet | Found a transporter.
 16087 | Gauntlet | Found a runed translucent door.
 16089 | Gauntlet | Found a runed translucent door.
 16091 | Gauntlet | Found a transporter.
 16094 | Gauntlet | Found a transporter.
 16110 | Gauntlet | Found a transporter.
 16121 | Gauntlet | Noticed a dire elephant
 16122 | Gauntlet | Found a transporter.
 16142 | Gauntlet | Found a transporter.
 16143 | Gauntlet | Found a transporter.
 16156 | Gauntlet | Found a transporter.
 16616 | Gauntlet | Received a gift from Trog
 16650 | Gauntlet | Killed a dire elephant
 16654 | Gauntlet | Reached skill level 13 in Fighting
 16713 | Gauntlet | Noticed a minotaur
 16724 | Gauntlet | Killed a minotaur
 16729 | Gauntlet | Identified a scroll of acquirement
 16729 | Gauntlet | Acquired the ring of Nuypast {rN+ Will+ Int-3 Slay+2 SInv}
 16919 | Lair:5   | Noticed Rupert
 16934 | Lair:5   | Killed Rupert
 17248 | Lair:5   | Reached XP level 14. HP: 82/129 MP: 13/13
 18055 | Lair:5   | Reached skill level 14 in Fighting
 18253 | Lair:5   | Reached skill level 10 in Evocations
 18277 | Lair:5   | Reached skill level 10 in Throwing
 18494 | Lair:5   | Identified the +4 rapier of the Philosopher {protect, Will+
                  | Int+2 Dex+3}
 19058 | Orc:1    | Entered Level 1 of the Orcish Mines
 19058 | Orc:1    | Found Wuheg's Gadget Gallery.
 19081 | Orc:1    | Noticed Sonja
 19090 | Orc:1    | Killed Sonja
 19090 | Orc:1    | Received a gift from Trog
 19090 | Orc:1    | Found the +7 lajatang of Order {silver, rMut}
 19232 | Orc:1    | Found a dark tunnel.
 19250 | Volcano  | Entered a volcano
 19413 | Volcano  | Found a burning altar of Makhleb.
 19847 | Orc:1    | Noticed Gastronok
 19861 | Orc:1    | Killed Gastronok
 20070 | Orc:2    | Entered Level 2 of the Orcish Mines
 20273 | Orc:2    | Reached skill level 15 in Fighting
 20336 | Orc:2    | Reached XP level 15. HP: 79/141 MP: 14/14
 20515 | Orc:2    | Reached ****** piety under Trog
 20619 | Orc:2    | Received a gift from Trog
 20674 | Orc:2    | Found a staircase to the Elven Halls.
 20839 | Orc:2    | Found Galale's General Store.
 20943 | Orc:2    | Found Isecs's Assorted Antiques.
 21151 | Orc:2    | Noticed Jorgrun
 21161 | Orc:2    | Killed Jorgrun
 21213 | Orc:2    | Noticed Saint Roka
 21230 | Orc:2    | Killed Saint Roka
 21464 | Orc:2    | Found Judoice's Antique Armour Emporium.
 21596 | Orc:2    | Found Gohurou's Antique Weapon Shoppe.
 21903 | D:11     | Reached skill level 15 in Axes
 21933 | D:11     | Found a runed translucent door.
 21934 | D:11     | Noticed a frost giant
 22159 | D:11     | Killed a frost giant
 22262 | D:11     | Noticed a sphinx
 22273 | D:11     | Killed a sphinx
 22316 | D:11     | Received a gift from Trog
 22981 | D:13     | Reached skill level 16 in Fighting
 23706 | D:14     | Identified the +10 mace of the Big Bang {antimagic, Dex+5}
 23711 | D:14     | Noticed mandarbmax's ghost (journeyman KoFi)
 23716 | D:14     | Found a transporter.
 23722 | D:14     | Found a transporter.
 23801 | D:14     | Paralysed by an ogre mage for 4 turns
 23970 | D:14     | Identified the +0 pair of boots "Qiateyss" {Will+ Dex+2}
 24029 | D:14     | Found a gate to the Vaults.
 24248 | D:14     | Noticed Louise
 24273 | D:14     | Killed Louise
 24581 | D:14     | Reached XP level 16. HP: 151/151 MP: 15/15
 24585 | D:14     | Received a gift from Trog
 24914 | D:14     | Killed mandarbmax's ghost
 25122 | D:15     | Entered Level 15 of the Dungeon
 25468 | D:15     | Reached skill level 15 in Armour
 25468 | D:15     | Reached skill level 10 in Dodging
 25664 | D:15     | Noticed Kirke
 25675 | D:15     | Killed Kirke
 25906 | D:15     | Found a staircase to the Depths.
 26019 | D:15     | Found a white marble altar of Elyvilon.
 26100 | D:15     | Received a gift from Trog
 26345 | Snake:1  | Entered Level 1 of the Snake Pit
 27566 | Snake:1  | Reached skill level 1 in Maces & Flails
 28583 | Snake:2  | Reached skill level 5 in Maces & Flails
 28583 | Snake:2  | Reached XP level 17. HP: 158/158 MP: 16/16
 29091 | Snake:2  | Identified the serpent talisman of the Guardian {Will+
                  | Dex-3 Stlth+}
 29091 | Snake:2  | Noticed Aizul
 29106 | Snake:2  | Killed Aizul
 29231 | Snake:2  | Found Keduweun's One-of-a-Kind Rings.
 29257 | Snake:2  | Bought the ring of Hot Pif {rPois rC+ Dex+6} for 650 gold
                  | pieces
 29364 | Snake:2  | Found a shimmering blue altar of Sif Muna.
 29519 | Snake:2  | Noticed Frances
 29541 | Snake:2  | Killed Frances
 30025 | Snake:3  | Identified the +7 battleaxe "Zogat" {flame, rF+} (Trog
                  | gifted it to you on level 3 of the Snake Pit)
 30025 | Snake:3  | Received a gift from Trog
 30458 | Snake:3  | Reached skill level 15 in Shields
 31439 | Snake:3  | Found Xoqamof's Antique Weapon Emporium.
 31454 | Snake:4  | Entered Level 4 of the Snake Pit
 31727 | Snake:4  | Reached skill level 10 in Maces & Flails
 32184 | Snake:4  | Reached skill level 17 in Fighting
 32383 | Snake:4  | Noticed Vashnia
 32391 | Snake:4  | Received a gift from Trog
 32408 | Snake:4  | Killed Vashnia
 32420 | Snake:4  | Reached XP level 18. HP: 73/170 MP: 17/17
 32656 | Snake:4  | Noticed Mlioglotl
 32666 | Snake:4  | Killed Mlioglotl
 32771 | Snake:4  | Got a serpentine rune of Zot
 33369 | Snake:4  | Found Gingekiu's Self-Published Books.
 33649 | Swamp:1  | Entered Level 1 of the Swamp
 33664 | Swamp:1  | Received a gift from Trog
 34355 | Swamp:2  | Reached skill level 18 in Fighting
 34476 | Swamp:2  | Identified the amulet "Ydeapa" {+Blink rN+ Regen+}
 34551 | Swamp:2  | Identified the +9 scale mail of the Accordion {rPois Regen+
                  | Dex-3 Slay+2}
 35409 | Swamp:4  | Entered Level 4 of the Swamp
 35455 | Swamp:4  | Received a gift from Trog
 35539 | Swamp:4  | Got a decaying rune of Zot
 36671 | Elf:1    | Entered Level 1 of the Elven Halls
 36677 | Elf:1    | Reached XP level 19. HP: 179/179 MP: 18/18
 36691 | Elf:1    | Received a gift from Trog
 36873 | Elf:1    | Paralysed by an air elemental for 1 turns
 37375 | Elf:2    | Paralysed by an air elemental for 1 turns
 37490 | Elf:2    | Found a radiant altar of Vehumet.
 37618 | Elf:2    | Found Icysivom's Magic Scroll Emporium.
 37627 | Elf:2    | Bought 2 scrolls of revelation for 300 gold pieces
 37627 | Elf:2    | Bought a scroll of blinking for 150 gold pieces
 37695 | Elf:2    | Paralysed by an air elemental for 1 turns
 37698 | Elf:2    | Paralysed by an air elemental for 1 turns
 38075 | Elf:2    | Found a runed translucent gate.
 38075 | Elf:2    | Found a runed translucent gate.
 38075 | Elf:2    | Found a runed translucent gate.
 38291 | Elf:2    | Received a gift from Trog
 38423 | Elf:2    | Identified the blade talisman of Fashionability {*Corrode
                  | rN++ Slay+2}
 38555 | Elf:3    | Entered Level 3 of the Elven Halls
 38945 | Elf:3    | Found a runed translucent gate.
 38965 | Elf:3    | Found a runed translucent gate.
 38966 | Elf:3    | Found a runed translucent gate.
 39142 | Elf:3    | Found Waihy's Book Shoppe.
 39244 | Elf:3    | Reached XP level 20. HP: 125/187 MP: 6/19
 39246 | Elf:3    | Received a gift from Trog
 39265 | Elf:3    | Identified the +5 ring mail of Purpose {rC+ Regen+ Int+3
                  | Dex+2}
 39340 | Elf:3    | Identified the +4 ring mail "Gixiffoi" {Int+2}
 39346 | Elf:3    | Identified the +5 ring mail "Liest" {rElec Will+ Int+2}
 39379 | Elf:3    | Identified the +0 robe of Gehenna {Dex+8 Slay-6 SInv
                  | Stlth-}
 39379 | Elf:3    | Identified the ring "Lenoasu" {MP+9 Str+2}
 39383 | Elf:3    | Identified the ring "Tearhogeve" {rN+ Str+4}
 39553 | Elf:3    | Identified the +9 scale mail "Ziecadgh" {*Slow Str+6}
 40297 | Vaults:1 | Entered Level 1 of the Vaults
 40432 | Vaults:1 | Found a portal to a secret trove of treasure.
 40560 | Vaults:1 | Found Jikhlutyesi's Assorted Antiques.
 40642 | Vaults:1 | Found Jam Nae's Armour Emporium.
 41058 | Vaults:1 | Reached skill level 15 in Throwing
 41478 | Vaults:2 | Reached skill level 15 in Dodging
 41488 | Vaults:2 | Received a gift from Trog
 41503 | Vaults:2 | Noticed Zenata
 41514 | Vaults:2 | Killed Zenata
 41861 | Vaults:2 | Found a runed translucent gate.
 41861 | Vaults:2 | Found a runed translucent gate.
 41861 | Vaults:2 | Found a runed translucent gate.
 41862 | Vaults:2 | Noticed Lianjan's ghost (adept GnWr)
 41905 | Vaults:2 | Killed Lianjan's ghost
 42061 | Vaults:2 | Noticed Jory
 42086 | Vaults:2 | Killed Jory
 42303 | Vaults:2 | Reached XP level 21. HP: 162/195 MP: 20/20
 42345 | Vaults:2 | Received a gift from Trog
 42813 | Vaults:4 | Identified the amulet "Heatoeh" {Spirit Rampage rC+ rN++
                  | Str-3}
 42861 | Vaults:4 | Found a magical portal.
 42897 | WizLab   | Entered Maxwell's Workshop
 43106 | WizLab   | Reached skill level 19 in Fighting
 43239 | WizLab   | Received a gift from Trog
 43489 | WizLab   | Identified the ring "Jexeghy" {Fire *Corrode +Blink Str+2
                  | SInv}
 43629 | WizLab   | Identified the ring of the Castellan {Ice rElec Str+3 SInv}
 43678 | WizLab   | Identified the +1 robe "Nysil" {Harm rC+}
 44759 | Vaults:4 | Received a gift from Trog
 45663 | Vaults:3 | Reached skill level 20 in Fighting
 45677 | Vaults:3 | Found a staircase to the Crypt.
 45740 | Vaults:3 | Found Atrenosy's Jewellery Emporium.
 45961 | Vaults:3 | Reached XP level 22. HP: 205/209 MP: 21/21
 46096 | Vaults:3 | Received a gift from Trog
 46437 | Depths:1 | Entered Level 1 of the Depths
 46657 | Depths:1 | Found a one-way gate to the infinite horrors of the Abyss.
 46768 | Depths:1 | Found Achuut's Firing Range.
 46814 | Depths:1 | Bought 4 silver javelins for 864 gold pieces
 46814 | Depths:1 | Bought a throwing net for 72 gold pieces
 47062 | Depths:1 | Found a gateway to Hell.
 47560 | Depths:1 | Identified the +0 leather armour of the Lumpy Places {rElec
                  | Int+4}
 47579 | Depths:1 | Acquired a manual of Axes
 47581 | Depths:1 | Identified the +5 spear "Mujag" {protect, rElec rN+ Dex-5
                  | SInv}
 47582 | Depths:1 | Identified the +0 scale mail "Bewk" {Str+2 Dex+6}
 47872 | Depths:2 | Reached skill level 21 in Fighting
 48016 | Depths:2 | Found a stormy altar of Qazlal.
 48386 | Depths:2 | Found Oklupro's Jewellery Boutique.
 48387 | Depths:2 | Found Roacez's Book Shoppe.
 48387 | Depths:2 | Found Heagi Lap's Book Shoppe.
 48693 | Depths:2 | Received a gift from Trog
 48814 | Depths:2 | Found a one-way gate leading to the halls of Pandemonium.
 49040 | Depths:3 | Found a flickering gateway to a bazaar.
 49066 | Bazaar   | Entered a bazaar
 49090 | Bazaar   | Found Adeuz's Armour Shoppe.
 49090 | Bazaar   | Found Solih's Book Emporium.
 49112 | Bazaar   | Found Athu's Jewellery Shoppe.
 49112 | Bazaar   | Found Nihug's Book Emporium.
 49134 | Bazaar   | Found Dupum's Antique Weapon Emporium.
 49309 | Depths:3 | Incinerated by a balrug

Illustrated notes

Levels and vault maps discovered:
D:1:      nagdon_arrival_zigzag_paths, layout_basic, serial_shops, shop,
          nicolae_shop_scrapyard, shop, chequers_ecumenical_altar_grove
D:2:      layout_loops_ring, serial_shops, shop
D:3:      layout_loops_ring, okawaru_altar_gauntlet_db,
          ebering_ghost_disaster_area, uniq_robin
D:4:      layout_gridville, old_standard_altar,
          nicolae_overflow_macrodata_refinement, nicolae_eternal_life,
          uniq_grinder
D:5:      layout_loops_ring, minmay_temple_entry_stoned_glass
D:6:      layout_basic, serial_shops, nicolae_shop_window_shopping,
          serial_aquarium, aquarium_bridge_long_separate
          [aquarium_subvault_bridge, aquarium_subvault_wall,
          aquarium_subvault_window, aquarium_subvault_bridge,
          aquarium_subvault_balcony, aquarium_subvault_window],
          aquarium_window_corner, aquarium_window_1, aquarium_view_4,
          aquarium_balcony_double_2
D:7:      layout_basic, mainiacjoe_overflow_alcove_1, enter_bailey_5,
          nicolae_specific_store
D:8:      cheibrodos_wizards_tower, layout_basic, erik_lair_island, uniq_psyche
D:9:      layout_loops_corners
D:10:     layout_stronghold, orc_0_dummy, kennysheep_generic_room_13
D:11:     layout_basic, minivault_13
D:12:     layout_loops_cross
D:13:     layout_cave_pools
D:14:     layout_roguey, grunt_vaults_entry_fortified, nzn_ghost_randoct,
          chequers_serial_rivers_large_b, uniq_louise
D:15:     gammafunk_depths_entry_grave, layout_long_grid, chequers_avenue,
          serial_undead, serial_undead_e, serial_undead_c, serial_undead_f,
          serial_undead_f, elyvilon_altar_4, uniq_kirke
Lair:1:   layout_long_grid, ebering_ghost_disaster_area, grunt_megastairs_4,
          infiniplex_staircase_pool_2, lemuel_fruit_fields
Lair:2:   layout_loops_ring, minmay_swamp_entry_worms,
          guppyfry_snake_entry_island, evilmike_ambush
          [evilmike_ambush_outer_corners, evilmike_ambush_inner_basic]
Lair:3:   lemuel_slime, layout_cave_pods, serial_forest,
          infiniplex_forest_lined_room_, infiniplex_forest_lined_ring,
          infiniplex_forest_clump_C, infiniplex_forest_zigzag_2,
          infiniplex_forest_lined_corner, serial_bayou_pond_b,
          nicolae_lair_run_with_the_wolves, grunt_megastairs_5,
          lemuel_fruit_tree
Lair:4:   layout_roguey, minmay_slime_entry_pillars, gammafunk_ghost_split,
          serial_bayou_pond_c
Lair:5:   due_jungle_book, layout_regular_city, gauntlet_entry_generic,
          grunt_megastairs_3, uniq_rupert, uniq_urug
Swamp:1:  layout_basic_swamp, evilmike_swamp_ruin_house_5, swamp_pool_1_2
Swamp:2:  layout_basic_swamp, evilmike_swamp_ruin_house_3
Swamp:3:  layout_basic_swamp, hangedman_swamp_ruin_wall, swamp_pool_1_2,
          nicolae_swamp_hydra_murder_den
Swamp:4:  swamp_basic_johnstein, layout_basic_swamp, nicolae_swamp_tree_isthmus
Snake:1:  nicolae_snake_hallway, layout_onion_interference
Snake:2:  layout_onion_interference, basic_altar, st_stairs_5,
          nicolae_shop_unique_rings, uniq_frances, uniq_aizul
Snake:3:  layout_concentric_octagons, serial_shops, shop
Snake:4:  grunt_snake_rune_spirals, layout_onion_interference,
          nicolae_custom_books, st_stairs_4, nicolae_snake_slithery_corners,
          uniq_mlioglotl, uniq_vashnia
Orc:1:    layout_caves, nicolae_volcano_entry_batcave, nicolae_shop_gadgets,
          uniq_sonja, uniq_gastronok
Orc:2:    grunt_orc_community_town_hall, layout_diamond_mine,
          grunt_orc_community_big_house_2, grunt_orc_community_big_house_1,
          grunt_orc_community_house_2, grunt_orc_community_house_2,
          grunt_orc_community_house_3, grunt_orc_community_house_1, uniq_jorgrun
Elf:1:    minmay_elf_arrival_circle, layout_geoelf_octagon
Elf:2:    nicolae_elf_blades_splatter_lattice [nicolae_blade_bullseye],
          layout_geoelf_octagon, serial_shops, nicolae_square_shop, basic_altar,
          onia_ninara_cookie
Elf:3:    minmay_elf_hall_quartered_circle, layout_loops_corners, serial_shops,
          shop, special_room [special_room_mythical_zoo],
          nicolae_elf_hall_of_bonks
Vaults:1: nicolae_vaults_trapezoid_3, v_alt_pattern_2, nicolae_vaults_house_3,
          nicolae_vaults_rhombus_6, nicolae_vaults_closet_pinwheel_4,
          dpeg_vaults_monster_box, nicolae_vaults_mini_display_case,
          layout_vaults_omnigrid, nicolae_trove_entry_path_of_doom,
          serial_shops, shop
Vaults:2: ebering_ghost_rock_garden, nicolae_vaults_trapezoid_lopsided_2,
          hangedman_vaults_pinch, ontoclasm_vaults_pinch,
          nicolae_vaults_mitosis, nicolae_vaults_rhombus_7, vaults_dpeg_spiral,
          hangedman_vaults_stagger, hangedman_vaults_trim, vaults_room_hallway,
          nicolae_vaults_border_crossing, nicolae_vaults_storage_room_glass,
          nicolae_vaults_trapezoid_layered, hangedman_vaults_nails,
          vaults_dpeg_encased_lava, vaults_room_stairs_pillars,
          nicolae_vaults_double_plus_1, layout_vaults_maze, uniq_jory,
          uniq_zenata
Vaults:3: nicolae_vaults_offset_grid_hallway_4, v_misc_18,
          nicolae_vaults_arrows, dpeg_vaults_waves, v_rooms_6, v_misc_29,
          serial_library_hellmonk_angled_corner, minmay_crypt_entry_simple_box,
          v_misc_29, vaults_room_corners, nicolae_vaults_little_squares_2,
          serial_library_hellmonk_open_square, ontoclasm_vaults_misaligned,
          vaults_room_large_hall, nicolae_vaults_diagonal_hallway_8,
          layout_vaults_omnibox, serial_shops, nicolae_shop_statue_plus
Vaults:4: mu_enter_wizlab_1, v_misc_16, nicolae_vaults_offset_grid_hallway_2,
          nicolae_vaults_tetromino_T_2, nicolae_vaults_trapezoid_4,
          nicolae_vaults_ninety_degrees, nicolae_vaults_heist,
          vaults_room_corners, vaults_dpeg_ring,
          nicolae_vaults_little_squares_3, layout_vaults_chaotic_city
Depths:1: kennysheep_water_balloons, layout_gridlike, abyss_entry,
          hangedman_geh_valley, serial_sigils_hangedman_stare,
          nicolae_shop_firing_range, kennysheep_random_hallway
Depths:2: minmay_thick_lines, layout_honeycomb, hangedman_decor_slide_cut,
          grunt_pan_entry_zigzag, hell_entry, nicolae_qazlal_scattered_showers,
          minmay_shop_grove, infiniplex_staircase_river
Depths:3: evilmike_iron_armoury, layout_gridlike, enter_ziggurat_f,
          grunt_mini_vestibule, rand_demon_pan_entry_1, abyss_entry_crystal,
          serial_shops, freezing_bzr, firewood_loft

Skill      XL: |  1  2  3  4  5  6  7  8  9 10 11 12 13 14 15 16 17 18 19 20 21 22 |
---------------+-------------------------------------------------------------------+-----
Axes           | 4 5 6 7 9 11 12 14 16 17 18 19 | 19.9
Fighting       | 4 5 7 9 11 12 13 15 16 17 18 20 21 | 21.3
Throwing       | 2 3 5 7 9 10 13 15 16 | 16.0
Armour         | 6 8 10 11 12 14 16 17 18 | 18.8
Evocations     | 4 6 7 9 10 11 13 14 | 14.4
Shields        | 5 7 10 12 14 16 17 20 | 20.0
Dodging        | 5 8 9 11 12 15 16 | 16.2
Maces & Flails | 5 11 12 | 12.9

Action                     |  1- 3 |  4- 6 |  7- 9 | 10-12 | 13-15 | 16-18 | 19-21 | 22-24 || total
---------------------------+-------+-------+-------+-------+-------+-------+-------+-------++-------
  Melee: Hand axe          |    96 |    29 |       |       |       |       |       |       ||   125
         Headbutt          |    11 |     9 |    39 |   129 |   262 |   354 |   416 |   129 ||  1349
         Punch             |     1 |       |       |       |       |       |       |       ||     1
         War axe           |       |    62 |   200 |   519 |    19 |       |       |       ||   800
         Dagger            |       |     6 |       |       |       |       |       |       ||     6
         Trident           |       |       |    53 |       |       |       |       |       ||    53
         Broad axe         |       |       |       |       |   906 |  1242 |  1284 |   381 ||  3813
         Morningstar       |       |       |       |       |       |       |    25 |       ||    25
  Throw: Dart              |       |       |     2 |     5 |       |     3 |     2 |       ||    12
         Boomerang         |       |       |       |    18 |     6 |       |       |       ||    24
         Throwing net      |       |       |       |       |     1 |       |       |     1 ||     2
         Javelin           |       |       |       |       |       |     7 |    21 |       ||    28
 Invoke: Berserk           |       |     2 |     4 |     4 |    12 |     9 |     6 |     1 ||    38
         Trog's Hand       |       |       |     1 |       |     1 |       |     3 |       ||     5
         Brothers in Arms  |       |       |       |       |       |     1 |     1 |       ||     2
Ability: Evoke Blink       |       |       |       |       |       |       |     1 |     1 ||     2
  Evoke: Wand              |       |       |     8 |     8 |     6 |     1 |     3 |     1 ||    27
         Lightning rod     |       |       |       |       |       |     9 |     4 |       ||    13
    Use: Scroll            |       |       |     9 |     5 |    12 |    10 |     8 |     4 ||    48
         Potion            |       |       |     1 |       |     2 |     5 |     4 |     3 ||    15
   Stab: Sleeping          |     2 |       |       |       |       |       |       |       ||     2
         Invisible         |       |       |     2 |       |       |       |     6 |       ||     8
         Distracted        |       |       |       |       |       |     2 |       |     1 ||     3
         Held in net/web   |       |       |       |       |       |       |       |     2 ||     2
 Armour: Animal skin       |    46 |       |       |       |       |       |       |       ||    46
         Chain mail        |       |    59 |   253 |   361 |   432 |   164 |       |       ||  1269
         Plate armour      |       |       |       |       |    36 |   201 |   134 |    32 ||   403
         Scale mail        |       |       |       |       |       |   152 |   356 |   120 ||   628
  Dodge: Dodged            |    69 |    29 |   133 |   214 |   336 |   323 |   375 |   102 ||  1581
  Block: Other             |     4 |     3 |       |       |       |       |       |       ||     7
         Reflection        |     1 |     2 |     1 |    14 |    58 |   132 |   174 |     7 ||   389
         Buckler           |       |    28 |   136 |   307 |   412 |       |       |       ||   883
         Kite shield       |       |       |       |       |   160 |   649 |       |       ||   809
         Tower shield      |       |       |       |       |    32 |   892 |  1400 |   377 ||  2701
